 Dungeon Crawl Stone Soup version 0.30-a0-726-gd89dcf765f (webtiles) character file.

Game seed: 11049846132918774237

50496 sokol815 the Unseen (level 14, -1/66 HPs)
             Began as a Vine Stalker Monk on Jan 29, 2023.
             Was a High Priest of Uskayaw.
             Slain by an orc warrior
             ... wielding a +0 battleaxe
              (10 damage)
             ... on level 2 of the Orcish Mines.
             The game lasted 00:43:14 (16386 turns).

sokol815 the Unseen (Vine Stalker Monk)            Turns: 16386, Time: 00:43:14

Health: -1/66      AC: 14    Str: 15    XL:     14   Next: 55%
Magic:  0/25       EV: 13    Int: 10    God:    Uskayaw [*****.]
Gold:   437        SH:  0    Dex: 30    Spells: 13/13 levels left

rFire   + . .      SeeInvis .    a - +9 quarterstaff (speed)
rCold   + . .      Faith    .    (shield currently unavailable)
rNeg    + + .      Spirit   +    Q - +2 ring mail of Circular Logic {Slay+3}
rPois   +          Reflect  .    n - +1 helmet
rElec   .          Harm     .    Z - +1 cloak {Will+}
rCorr   .          Rampage  .    v - +1 pair of gloves of the Threshing Gods {Dex+3 Stlth+}
Will    ++...                    T - +0 pair of boots
Stlth   +++++++                  F - amulet of Fedhas's Scorn {RegenMP rF+ rC+ rN++}
HPRegen 1.11/turn                C - +6 ring of dexterity
MPRegen 0.59/turn                x - ring of poison resistance {rPois, !d}

@: about to teleport, spiked
A: fangs 3, regeneration 1, magic shield, antimagic bite, no potion heal 2
a: Renounce Religion, Stomp, Line Pass, Grand Finale


You were on level 2 of the Orcish Mines.
You worshipped Uskayaw.
Uskayaw was pleased with you.
You visited 4 branches of the dungeon, and saw 20 of its levels.
You also visited: Ossuary.

You collected 1551 gold pieces.
You spent 1114 gold pieces at shops.

Inventory:

Hand Weapons
 a - a +9 quarterstaff of speed (weapon)
   (You bought it in a shop on level 2 of the Dungeon)
 b - a +1 dagger of speed
   (You took it off a goblin on level 1 of the Dungeon)
 d - a +3 scimitar of protection
   (You took it off a wight on level 7 of the Dungeon)
 g - a +5 falchion of freezing
   (You took it off a wight on level 7 of the Dungeon)
 t - the +7 staff of the Meek {protect, meekguard}
   (You found it on level 5 of the Dungeon)
Missiles
 f - 4 atropa-tipped darts
 h - a throwing net {!d}
 z - 38 poisoned darts
 O - 11 boomerangs
Armour
 l - the +0 robe of Degimu {Rampage rF+ MP+9}
   (You found it on level 1 of the Lair of Beasts)

   rF:        It protects you from fire.
   MP:        It affects your magic capacity (+9).
   Rampage:   It bestows one free step when moving towards enemies.
 n - a +1 helmet (worn)
   (You found it on level 3 of the Lair of Beasts)
 s - a +1 ring mail of cold resistance
   (You bought it in a shop on level 2 of the Dungeon)
 v - the +1 pair of gloves of the Threshing Gods (worn) {Dex+3 Stlth+}
   (You found it on level 7 of the Dungeon)

   Dex:       It affects your dexterity (+3).
   Stlth:     It makes you more stealthy.
 D - a +0 kite shield of cold resistance
   (You took it off an orc on level 8 of the Dungeon)
 Q - the +2 ring mail of Circular Logic (worn) {Slay+3}
   (You found it on level 5 of the Lair of Beasts)

   Slay:      It affects your accuracy & damage with ranged weapons and melee
   (+3).
 R - a +0 troll leather armour
   (You found it on level 10 of the Dungeon)
 T - a +0 pair of boots (worn)
   (You found it on level 7 of the Dungeon)
 V - +0 fire dragon scales
   (You found it on level 10 of the Dungeon)
 Z - a +1 cloak of willpower (worn)
   (You bought it in a shop on level 2 of the Dungeon)
Jewellery
 o - a ring of resist corrosion
   (You found it on level 9 of the Dungeon)
 x - a ring of poison resistance (right hand) {rPois, !d}
   (You bought it in a shop on level 2 of the Dungeon)
 C - a +6 ring of dexterity (left hand)
   (You found it on level 3 of the Lair of Beasts)
 F - the amulet of Fedhas's Scorn (around neck) {RegenMP rF+ rC+ rN++}
   (You found it on level 12 of the Dungeon)

   [amulet of magic regeneration]

   It increases your rate of magic regeneration.
   rF:        It protects you from fire.
   rC:        It protects you from cold.
   rN:        It greatly protects you from negative energy.
 W - a ring of willpower
   (You found it on level 12 of the Dungeon)
Wands
 c - a wand of quicksilver (4)
   (You found it on level 2 of the Lair of Beasts)
 j - a wand of polymorph (3)
   (You found it on level 5 of the Lair of Beasts)
 p - a wand of paralysis (7)
   (You found it on level 11 of the Dungeon)
 q - a wand of flame (25)
   (You found it on level 3 of the Dungeon)
 r - a wand of roots (5)
   (You found it on level 4 of the Lair of Beasts)
 y - a wand of mindburst (44)
   (You took it off a wight on level 7 of the Dungeon)
Scrolls
 e - 5 scrolls of fog
 k - 3 scrolls of poison {!r}
 A - 5 scrolls of enchant armour
 E - 3 scrolls of fear
 K - 6 scrolls of immolation {!r}
 N - 2 scrolls of torment {!r}
 S - 2 scrolls of amnesia
 X - 2 scrolls of magic mapping {@r4!r}
 Y - 6 scrolls of teleportation {@r3}
Potions
 i - 6 potions of attraction {!q}
 m - a potion of cancellation
 u - 2 potions of berserk rage {unknown}
 w - 2 potions of magic {unknown}
 B - 2 potions of brilliance
 G - 4 potions of ambrosia {!q}
 H - 2 potions of haste
 I - 2 potions of invisibility
 J - 14 potions of curing {@q1}
 L - 2 potions of flight
 M - 2 potions of might
 P - 5 potions of lignification {!q}
 U - 6 potions of mutation {!q}


   Skills:
 * Level 4.2 Fighting
 - Level 7.6 Short Blades
 - Level 14.0 Staves
 + Level 3.1 Dodging
 - Level 15.0 Stealth
 - Level 14.0 Invocations


You had 13 spell levels left.
You didn't know any spells.
Your spell library contained the following spells:

 Spells                   Type           Power      Damage    Failure   Level
 Apportation              Tloc           0%         N/A       58%         1
 Kiss of Death            Conj/Necr      0%         2d5       58%         1
 Sandblast                Erth           0%         2d4       58%         1
 Shock                    Conj/Air       0%         1d3       58%         1
 Sting                    Tmut/Pois      0%         1d3       58%         1
 Summon Small Mammal      Summ           0%         N/A       58%         1
 Passwall                 Tmut/Erth      0%         N/A       75%         2
 Poisonous Vapours        Pois/Air       0%         N/A       75%         2
 Static Discharge         Conj/Air       0%         2-2/arc   75%         2
 Call Canine Familiar     Summ           0%         N/A       92%         3
 Confusing Touch          Hex            0%         N/A       92%         3
 Dazzling Flash           Conj/Hex       0%         N/A       92%         3
 Gell's Gravitas          Tloc           0%         N/A       92%         3
 Stone Arrow              Conj/Erth      0%         3d7       92%         3
 Summon Guardian Golem    Hex/Summ       0%         N/A       92%         3
 Swiftness                Air            0%         N/A       92%         3
 Teleport Other           Tloc           0%         N/A       92%         3
 Vhi's Electric Charge    Tloc/Air       0%         N/A       92%         3
 Airstrike                Air            0%         2d(0-16)  100%        4
 Animate Dead             Necr           0%         N/A       100%        4
 Dispel Undead            Necr           0%         3d6       100%        4
 Olgreb's Toxic Radiance  Pois           0%         N/A       100%        4
 Passage of Golubria      Tloc           0%         N/A       100%        4
 Agony                    Necr           0%         N/A       100%        5
 Alistair's Intoxication  Tmut/Pois      0%         N/A       100%        5
 Arcjolt                  Conj/Air       0%         1d10      100%        5
 Lightning Bolt           Conj/Air       0%         1d11      100%        5
 Silence                  Hex/Air        0%         N/A       100%        5
 Dispersal                Tloc           0%         N/A       100%        6
 Haunt                    Necr/Summ      0%         N/A       100%        7
 Infestation              Necr           0%         N/A       100%        8
 Lehudib's Crystal Spear  Conj/Erth      0%         10d2      100%        8


Dungeon Overview and Level Annotations

Branches:
Dungeon (12/15) Zot: 25981  Temple (1/1) D:5 Zot: 5784    Lair (5/5) D:11 Zot: 24809
 Shoals (0/4) Lair:3       Spider (0/4) Lair:2        Slime (0/5) Lair:4
    Orc (2/2) D:12 Zot: 11762 Ossuary (visited)
    Elf: Orc:2

Altars:
Ashenzari
Cheibriados
Dithmenos
Elyvilon
Fedhas
Gozag
Hepliaklqana
Kikubaaqudgha
Makhleb
Nemelex Xobeh
Okawaru
Qazlal
Ru
Sif Muna
Trog
Uskayaw
Vehumet
Wu Jian
Xom
Yredelemnul
Zin
The Shining One
Jiyva

Shops:
D:2 [=[=(   Orc:2 **

Annotations:
D:11 2 transporters


Innate Abilities, Weirdness & Mutations

You have razor-sharp teeth.
Your natural rate of healing is unusually fast.
When hurt, damage is shared between your health and your magic reserves.
Your bite disrupts and absorbs the magic of your enemies.
Potions cannot restore your health.


Message History

An orc warrior comes into view. It is wielding a +1 heavy flail.
The orc warrior is no longer paralysed.
The orc priest is no longer paralysed.
The orc is no longer paralysed.
The orc warrior is no longer paralysed. x2
The orc is no longer paralysed. x2; The orc knight is no longer paralysed.
The orc warrior hits you with a +0 battleaxe!
An orc priest comes into view. It is wielding a +0 flail.
The orc warrior moves out of view.
Things that are here:
a +0 short sword; a +0 scale mail; an orc corpse You take 4 damage, and have 52/65 hp.
You now have 23/25 mp.
You hit the orc knight. Your bite misses the orc knight.
The orc warrior closely misses you.
The orc priest casts a cantrip, but nothing happens.
The orc warrior misses you.
The red devil is engulfed in seething chaos.
The red devil hits you from afar with a +0 trident.
Barbed spikes become lodged in your body.
You take 2 damage, and have 50/65 hp.
You now have 22/25 mp.
You barely miss the orc knight. You bite the orc knight. You drain its power.
You feel invigorated.
The orc is no longer paralysed. x2
The orc warrior unwields a +0 arbalest.
The orc warrior wields a +0 mace.
The orc warrior hits you with a +0 mace!
You take 8 damage, and have 42/65 hp.
You now have 21/25 mp.
You barely miss the orc knight. Your bite misses the orc knight.
Uskayaw links your audience in an emotional bond!
You sock the orc knight! The orc knight closely misses you.
The orc completely misses you. The orc misses you.
An orc comes into view. It is wielding a +0 hand axe.
The orc warrior hits you but does no damage.
The red devil completely misses you.
You completely miss the orc knight.
The orc shouts!
You bite the orc knight, but do no damage.
You closely miss the orc knight.
You bite the orc knight, but do no damage.
The orc warrior misses you.
You closely miss the orc knight.
The barbs in your skin will harm you if you move.
Continue? [Y]es or [N]o only, please.
The barbs in your skin will harm you if you move.
Continue?
The barbed spikes dig painfully into your body as you move.
The orc priest begins to cast a cantrip, but forgets the words!
The red devil hits you with a +0 trident!
Barbed spikes become lodged in your body.
The orc warrior hits you with a +0 mace!
You take 17 damage, and have 27/65 hp.
MASSIVE DAMAGE!!
You now have 14/25 mp.
As you read the scroll of teleportation {@r3}, it crumbles to dust.
You feel strangely unstable. The orc knight misses you. The orc misses you.
An orc priest comes into view. It is wielding a +2 mace of holy wrath.
The red devil hits you but does no damage.
The orc warrior closely misses you.
You sock the orc knight! Your bite misses the orc knight.
The orc knight roars a battlecry!
The orcs go into a battle-frenzy!
The orc completely misses you.
The red devil hits you with a +0 trident!
Barbed spikes become lodged in your body.
You take 7 damage, and have 21/65 hp.
You now have 11/25 mp.
You hit the orc knight. Your bite misses the orc knight.
The orc warrior misses you.
You sock the orc knight!
You kill the orc warrior!
You kill the orc priest!
You kill the orc!
You bite the orc knight, but do no damage.
You can now merge with and destroy a victim.
Your Fighting skill increases to level 4!
You hit the orc knight. You bite the orc knight!
You kill the orc knight!
The red devil hits you with a +0 trident.
Barbed spikes become lodged in your body.
You take 2 damage, and have 20/66 hp.
You now have 10/25 mp.
You hit the orc.
You kill the red devil!
Your bite misses the orc.
The orc warrior hits you with a +0 mace!
* * * LOW HITPOINT WARNING * * *
You take 5 damage, and have 15/66 hp.
You now have 7/25 mp.
You sock the orc!
You kill the orc!
You thump the orc!
You kill the orc! x2
The orc priest calls upon Beogh to heal the orc.
The orc's wounds heal themselves!
The orc warrior hits you from afar with a +0 halberd!
* * * LOW HITPOINT WARNING * * *
You hear a shout!
You take 8 damage, and have 8/66 hp.
You now have 4/25 mp.
You closely miss the orc.
You hear a shout!
The orc warrior closely misses you.
You thump the orc!
You kill the orc! x2
You sock the orc warrior!
You kill the orc warrior!
You kill the orc priest!
Your bite misses the orc warrior.
The orc priest hits you but does no damage.
The orc warrior hits you with a +0 battleaxe!
You die...

#......## ##....)..##
#.........## .##
##...#.##..## ..##
##......###..## ...## .
#.)......###..###)..## ..
##..).....###..##))..#...
##.........###..#o#....o#
............###.@o.)o....
............<###)oo#.#.#
))..........).###.).....o
)#..........)..###..#.#..
..........[.....###.....
.............[#..###∩.∩####
..................###.###..
...........#.......#####...
...........##.......###...


You could see 3 orc warriors, 2 orc priests and an orc (strong).

Vanquished Creatures
  An ettin (Orc:1)
  Josephine (Lair:5)
  2 hydras
  2 boulder beetles
  A two-headed ogre (D:11)
  An orc knight (Orc:2)
  A deep elf pyromancer (D:12)
  2 ugly things
  An orc sorcerer (Orc:1)
  14 elephants (Lair:5)
  Maurice (D:10)
  3 black mambas
  14 cane toads
  2 rime drakes
  6 komodo dragons
  Maggie (D:7)
  A red devil (Orc:2)
  11 polar bears
  4 hornets (Lair:5)
  3 trolls
  12 blink frogs
  2 dream sheep (Lair:5)
  6 slime creatures (D:12)
  8 wraiths
  A water elemental (D:12)
  66 yaks
  10 spriggans (Lair:5)
  2 wyverns
  3 basilisks
  A chaos spawn (Orc:2)
  2 steam dragons (D:8)
  13 water moccasins
  Duvessa (D:7)
  5 black bears
  5 ice beasts
  A sky beast (D:3)
  4 ogres
  17 orc warriors
  28 wolves
  5 boggarts (Lair:5)
  7 centaurs
  A phantom (D:5)
  3 elf zombies (Ossuary)
  11 bullfrogs
  3 gnoll sergeants
  A necrophage (D:8)
  A scorpion (D:4)
  5 wights
  Dowan (D:7)
  5 jellies
  2 electric eels
  3 howler monkeys
  3 hounds
  14 orc priests
  A human zombie (Ossuary)
  2 gnoll boudas
  Natasha (thrice) (D:4)
  2 iguanas
  13 orc wizards
  2 hound zombies (Ossuary)
  4 mummies (Ossuary)
  23 gnolls
  5 adders
  A shadow imp (D:6)
  2 ufetubi
  An adder zombie (Ossuary)
  4 worms
  57 orcs
  7 bats
  7 endoplasms
  6 giant cockroaches
  7 hobgoblins
  10 jackals
  9 kobolds
  5 quokkas
  8 ball pythons
  2 frilled lizards
  13 goblins
  3 goblin zombies
  2 hobgoblin zombies (Ossuary)
  A quokka zombie (D:7)
  5 rats
  A rat zombie (Ossuary)
530 creatures vanquished.

Vanquished Creatures (collateral kills)
  An iguana (D:5)
1 creature vanquished.

Vanquished Creatures (others)
  20 fungi
  21 plants
41 creatures vanquished.

Grand Total: 572 creatures vanquished

Notes
Turn   | Place    | Note
-------+----------+-------------------------------------------
     0 | D:1      | sokol815 the Vine Stalker Monk began the quest for the Orb.
     0 | D:1      | Reached XP level 1. HP: 11/11 MP: 2/2
    31 | D:1      | HP: 2/11 [goblin/+0 club (3)]
    34 | D:1      | Reached skill level 3 in Short Blades
    95 | D:1      | Reached XP level 2. HP: 16/16 MP: 1/3
   330 | D:1      | Reached XP level 3. HP: 19/19 MP: 2/4
   547 | D:1      | Reached skill level 4 in Short Blades
   747 | D:1      | Found a faded altar of an unknown god.
   832 | D:2      | Found Qasiefip's Jewellery Boutique.
   969 | D:2      | Gained mutation: Your natural rate of healing is unusually
                  | fast. [Vine Stalker growth]
   969 | D:2      | Reached XP level 4. HP: 22/23 MP: 5/5
  1140 | D:2      | Found Qemargh's Weapon Emporium.
  1169 | D:2      | Found Ommop's Jewellery Shoppe.
  1293 | D:2      | Found Ucroi's Armour Boutique.
  1442 | D:2      | Found Eguerchupyw's Armour Emporium.
  1605 | D:3      | Reached skill level 5 in Short Blades
  1643 | D:3      | Reached XP level 5. HP: 27/27 MP: 6/6
  1653 | D:3      | Noticed a sky beast
  1697 | D:3      | Killed a sky beast
  1880 | D:3      | Found a white marble altar of Elyvilon.
  1927 | D:3      | Found an ancient bone altar of Kikubaaqudgha.
  2026 | D:3      | Reached XP level 6. HP: 32/32 MP: 7/7
  2400 | D:4      | Reached skill level 6 in Short Blades
  2784 | D:4      | Noticed Natasha
  2794 | D:4      | Killed Natasha
  2826 | D:4      | Noticed Natasha
  2848 | D:4      | Killed Natasha
  2906 | D:4      | Noticed Natasha
  2915 | D:4      | Killed Natasha
  2974 | D:4      | Reached skill level 7 in Short Blades
  2974 | D:4      | Reached XP level 7. HP: 31/35 MP: 8/8
  3332 | D:5      | Entered Level 5 of the Dungeon
  3534 | D:5      | Found the +7 staff of the Meek {protect, meekguard}
  3615 | D:5      | Found a staircase to the Ecumenical Temple.
  3624 | Temple   | Entered the Ecumenical Temple
  3854 | D:5      | Reached skill level 1 in Staves
  3888 | D:5      | Reached skill level 2 in Staves
  3902 | D:5      | Reached skill level 3 in Staves
  3902 | D:5      | Gained mutation: You have razor-sharp teeth. [Vine Stalker
                  | growth]
  3902 | D:5      | Reached XP level 8. HP: 39/39 MP: 9/9
  4037 | D:5      | Found a hide-covered altar of Uskayaw.
  4058 | D:5      | Became a worshipper of Uskayaw the Reveller
  4058 | D:5      | Reached * piety under Uskayaw
  4120 | D:5      | Identified the +0 leather armour of Yliafied {Harm rF-
                  | Str+2}
  4155 | D:5      | Reached ** piety under Uskayaw
  4161 | D:5      | Reached skill level 4 in Staves
  4343 | D:6      | Found an ornate altar of the Wu Jian Council.
  4343 | D:6      | Found an opulent altar of Gozag.
  4343 | D:6      | Found an iron altar of Okawaru.
  4343 | D:6      | Found a snail-covered altar of Cheibriados.
  4424 | D:6      | Reached skill level 5 in Staves
  4425 | D:6      | Reached *** piety under Uskayaw
  4431 | D:6      | Reached **** piety under Uskayaw
  4816 | D:7      | Found a sparkling altar of Nemelex Xobeh.
  4860 | D:7      | Reached skill level 6 in Staves
  4961 | D:7      | Noticed Duvessa
  4962 | D:7      | Noticed Dowan
  4964 | D:7      | Found a sand-covered staircase.
  4969 | D:7      | Killed Duvessa
  4977 | D:7      | Killed Dowan
  4986 | Ossuary  | Entered an ossuary
  4994 | Ossuary  | Reached skill level 7 in Staves
  5000 | Ossuary  | Reached ***** piety under Uskayaw
  5004 | Ossuary  | Reached XP level 9. HP: 41/43 MP: 10/10
  5210 | D:7      | Found a basalt altar of Yredelemnul.
  5385 | D:7      | Noticed Maggie
  5395 | D:7      | Killed Maggie
  5396 | D:7      | Reached skill level 8 in Staves
  5616 | D:7      | Identified the +1 pair of gloves of the Threshing Gods
                  | {Dex+3 Stlth+}
  5912 | D:7      | Reached skill level 9 in Staves
  6241 | D:8      | Reached skill level 10 in Staves
  6424 | D:8      | Reached XP level 10. HP: 38/46 MP: 9/11
  6630 | D:9      | Identified the +1 ring mail "Ulyxis" {Harm *Slow rN+ MP+9}
  6729 | D:9      | Reached skill level 11 in Staves
  6747 | D:9      | Reached ****** piety under Uskayaw
  6782 | D:9      | Found a hazy altar of Hepliaklqana.
  6871 | D:9      | Found a radiant altar of Vehumet.
  6989 | D:9      | Reached skill level 12 in Staves
  7323 | D:10     | Entered Level 10 of the Dungeon
  7337 | D:10     | Reached skill level 13 in Staves
  7340 | D:10     | Reached XP level 11. HP: 45/51 MP: 12/12
  7432 | D:10     | Noticed Maurice
  7449 | D:10     | Killed Maurice
  7549 | D:10     | Identified the +5 chain mail "Gigeckoph" {Rampage}
  7952 | D:10     | Reached skill level 14 in Staves
  7952 | D:10     | Reached skill level 1 in Invocations
  8018 | D:10     | Reached skill level 2 in Invocations
  8065 | D:11     | Reached skill level 3 in Invocations
  8156 | D:11     | Noticed a white ugly thing
  8246 | D:11     | Reached skill level 4 in Invocations
  8328 | D:11     | Noticed a two-headed ogre
  8590 | D:2      | Bought a +1 cloak of willpower for 198 gold pieces
  8648 | D:2      | Bought a ring of poison resistance for 240 gold pieces
  8828 | D:11     | Reached skill level 5 in Invocations
  8968 | D:2      | Bought a +1 ring mail of cold resistance for 192 gold
                  | pieces
  9120 | D:10     | Killed a white ugly thing
  9222 | D:11     | Killed a two-headed ogre
  9223 | D:11     | Reached skill level 6 in Invocations
  9266 | D:11     | Found a staircase to the Lair.
  9527 | D:11     | Found a transporter.
  9529 | D:11     | Found a transporter.
  9529 | D:11     | Noticed a boulder beetle
  9530 | D:11     | Noticed a boulder beetle
  9531 | D:11     | Noticed a boulder beetle
  9590 | Lair:1   | Entered Level 1 of the Lair of Beasts
  9596 | Lair:1   | Reached skill level 7 in Invocations
  9898 | Lair:1   | You fall into a shaft and drop 1 floor!
  9917 | Lair:2   | Reached skill level 8 in Invocations
  9917 | Lair:2   | Reached XP level 12. HP: 27/56 MP: 14/19
 10085 | Lair:2   | Found a hole to the Spider Nest.
 10115 | Lair:2   | Reached skill level 9 in Invocations
 10451 | Lair:2   | Reached skill level 3 in Stealth
 10565 | Lair:1   | Reached skill level 4 in Stealth
 10626 | Lair:1   | Identified the +0 robe of Degimu {Rampage rF+ MP+9}
 11349 | Lair:2   | Reached skill level 10 in Invocations
 11352 | Lair:2   | Reached skill level 5 in Stealth
 11529 | Lair:2   | Noticed a five-headed hydra
 11551 | Lair:2   | Killed a five-headed hydra
 11552 | Lair:2   | Reached skill level 6 in Stealth
 11792 | Lair:3   | Found a staircase to the Shoals.
 11904 | Lair:3   | Reached skill level 7 in Stealth
 12137 | Lair:3   | Reached skill level 11 in Invocations
 12443 | Lair:4   | Reached skill level 8 in Stealth
 12509 | Lair:4   | Found a staircase to the Slime Pits.
 12525 | Lair:4   | Reached XP level 13. HP: 51/59 MP: 17/22
 12554 | Lair:4   | Reached skill level 9 in Stealth
 12555 | Lair:4   | Found a viscous altar of Jiyva.
 13540 | Lair:5   | Entered Level 5 of the Lair of Beasts
 13553 | Lair:4   | Reached skill level 10 in Stealth
 13561 | Lair:5   | Reached skill level 12 in Invocations
 13869 | Lair:5   | Reached skill level 11 in Stealth
 13965 | Lair:5   | Reached skill level 12 in Stealth
 13971 | Lair:5   | Reached skill level 13 in Invocations
 14304 | Lair:5   | Reached XP level 14. HP: 61/63 MP: 23/25
 14306 | Lair:5   | Reached skill level 13 in Stealth
 14311 | Lair:5   | Noticed Josephine
 14334 | Lair:5   | Killed Josephine
 14484 | Lair:5   | Reached skill level 14 in Invocations
 14505 | Lair:5   | Reached skill level 14 in Stealth
 14642 | Lair:5   | Identified the +2 ring mail of Circular Logic {Slay+3}
 15246 | D:2      | Bought a +6 quarterstaff of speed for 484 gold pieces
 15500 | D:12     | Identified the amulet of Fedhas's Scorn {RegenMP rF+ rC+
                  | rN++}
 15992 | D:12     | Reached skill level 15 in Stealth
 16065 | D:12     | Found a staircase to the Orcish Mines.
 16082 | Orc:1    | Entered Level 1 of the Orcish Mines
 16095 | Orc:1    | Reached skill level 3 in Fighting
 16121 | Orc:2    | Entered Level 2 of the Orcish Mines
 16347 | Orc:2    | Found Yhoc's General Store.
 16349 | Orc:2    | Found Qohudd's General Store.
 16359 | Orc:2    | Reached skill level 3 in Dodging
 16380 | Orc:2    | Reached skill level 4 in Fighting
 16381 | Orc:2    | HP: 15/66 [orc warrior/+0 mace (5)]
 16386 | Orc:2    | Slain by an orc warrior

Illustrated notes

Levels and vault maps discovered:
D:1:      lightli_arrival_lavapool, layout_rooms,
          hellmonk_ecumenical_altar_inner_sanctum, minmay_indecisive_spiral
D:2:      layout_loops_ring, serial_shops, nicolae_diamond_shop,
          nicolae_shop_behind_doors, shop, shop_fountains, nicolae_square_shop
D:3:      layout_loops_ring, lemuel_tele_altar, kiku_gazebo_pond_becter,
          grunt_decor_mini_mirrors
D:4:      layout_basic, feat_on_display, uniq_natasha
D:5:      layout_loops_ring, nicolae_uskayaw_murder_on_the_dancefloor,
          minmay_temple_entry_antechambers
D:6:      layout_rooms, chequers_temple_overflow_statue_of_worship,
          nicolae_elevator_lobby_plus
D:7:      layout_gridville, mainiacjoe_overflow_tiny_flanked,
          nemelex_xobeh_ov_fountains_minmay, enter_ossuary_4, uniq_duvessa,
          uniq_maggie
D:8:      layout_gridville
D:9:      layout_long_grid, lemuel_crystal_altar, kennysheep_mini_moat
D:10:     layout_cave_pools, uniq_maurice
D:11:     gammafunk_boulding_lane, layout_long_grid, hellmonk_lair_entry_icy
D:12:     layout_roguey, erik_orc_2
Temple:   minmay_temple_curvy_loop
Lair:1:   layout_cave_pods, serial_bayou_lagoon_a
Lair:2:   layout_regular_city, dummy_spider_entry,
          nicolae_quartered_pool_impasse, dreamdust_gnoll_shepherd
Lair:3:   layout_loops_ring, minmay_shoals_entry_centaurs,
          chequers_serial_rivers_micro_a, grunt_megastairs_3
Lair:4:   layout_layer_cave, nicolae_slime_entry_field_trip, grunt_megastairs_2,
          serial_bayou_shore_a, serial_bayou_shore_b
Lair:5:   minmay_lair_end_enchanted_forest, layout_cave_pods,
          serial_bayou_shore_b, uniq_josephine
Orc:1:    layout_diamond_mine, nooodl_orcs_dogs
Orc:2:    pf_orc_diabolical, layout_caves, abandoned_shop, uniq_azrael

Skill      XL: |  1  2  3  4  5  6  7  8  9 10 11 12 13 14 |
---------------+-------------------------------------------+-----
Short Blades   | 3 4 5 7 |  7.6
Staves         | 3 7 10 13 14 | 14.0
Invocations    | 8 11 13 14 | 14.0
Stealth        | 8 12 15 | 15.0
Fighting       | 4 |  4.2
Dodging        | 3 |  3.1

Action                     |  1- 3 |  4- 6 |  7- 9 | 10-12 | 13-15 || total
---------------------------+-------+-------+-------+-------+-------++-------
  Melee: Short sword       |    15 |       |       |       |       ||    15
         Bite              |    37 |   106 |    97 |   215 |   256 ||   711
         Dagger            |   160 |   331 |    71 |       |       ||   562
         Punch             |     1 |     2 |       |       |       ||     3
         Quarterstaff      |       |       |   221 |   530 |   587 ||  1338
  Throw: Stone             |     3 |       |       |       |       ||     3
         Dart              |       |       |       |     5 |       ||     5
  Evoke: Wand              |       |       |       |       |     8 ||     8
    Use: Scroll            |     4 |     6 |    11 |     5 |     6 ||    32
         Potion            |       |     1 |       |       |       ||     1
   Stab: Sleeping          |     2 |       |     3 |     7 |    16 ||    28
         Paralysed         |       |       |     7 |    50 |    61 ||   118
         Distracted        |       |       |       |     2 |     4 ||     6
 Armour: Robe              |    10 |       |       |       |       ||    10
         Ring mail         |     2 |       |       |    61 |    28 ||    91
         Chain mail        |    38 |    98 |    33 |    76 |       ||   245
         Leather armour    |       |       |    61 |       |       ||    61
         Steam dragon scal |       |       |    24 |    60 |       ||    84
         Troll leather arm |       |       |       |    50 |   159 ||   209
  Dodge: Dodged            |    60 |    35 |   140 |   211 |   222 ||   668

Table legend: (Time is in decaauts)
 A = Elapsed time spent in this place.
 B = Non-inter-level travel time spent in this place.
 C = Inter-level travel time spent in this place.
 D = Time resting spent in this place.
 E = Time spent auto-exploring this place.
 F = Levels seen in this place.
 G = Mean time per level.
                   A        B        C        D        E       F      G
               +--------+--------+--------+--------+--------+-----+--------+
         Total |  15659 |  13977 |   1682 |    288 |  10766 |  21 |  745.7 |
       Dungeon |   9811 |   8372 |   1439 |    250 |   6285 |  12 |  817.6 |
        Temple |    215 |    191 |     24 |      0 |    187 |   1 |  215.0 |
          Lair |   5191 |   4994 |    197 |     38 |   4060 |   5 | 1038.2 |
  Orcish Mines |    237 |    216 |     21 |      0 |    119 |   2 |  118.5 |
       Ossuary |    203 |    203 |      0 |      0 |    115 |   1 |  203.0 |
               +--------+--------+--------+--------+--------+-----+--------+

Top non-repeatable levels by time:
  Lair:5: 1271 daAuts
     D:7: 1250 daAuts
  Lair:1: 1179 daAuts
  Lair:4: 1109 daAuts
     D:2: 1050 daAuts
     D:4: 941 daAuts
  Lair:2: 939 daAuts
    D:11: 881 daAuts
     D:5: 870 daAuts
     D:3: 775 daAuts
    D:10: 772 daAuts
     D:1: 729 daAuts
     D:9: 710 daAuts
  Lair:3: 691 daAuts
    D:12: 645 daAuts

Table legend:
 A = Kills in this place as a percentage of kills in entire the game.
 B = Kills by you in this place as a percentage of kills by you in the entire game.
 C = Kills by friends in this place as a percentage of kills by friends in the entire game.
 D = Other kills in this place as a percentage of other kills in the entire game.
 E = Experience gained in this place as a percentage of experience gained in the entire game.
 F = Experience gained in this place divided by the number of levels of this place that you have seen.
                   A       B       C       D       E      F
               +-------+-------+-------+-------+-------+----------------------
         Total | 100.0 | 100.0 | 100.0 |   N/A | 100.0 | 3443.6
       Dungeon |  53.1 |  53.0 | 100.0 |   N/A |  30.1 | 1816.6
          Lair |  34.8 |  34.9 |   0.0 |   N/A |  62.5 | 9040.4
  Orcish Mines |   9.0 |   9.1 |   0.0 |   N/A |   6.7 | 2430.5
       Ossuary |   3.0 |   3.0 |   0.0 |   N/A |   0.6 | 453.0
               +-------+-------+-------+-------+-------+----------------------
